 Dungeon Crawl Stone Soup version 0.30.1-6-gbe392663c4 (webtiles) character file.

Game seed: 159419539630524724

5 Ivernyr the Shield-Bearer (level 1, -1/18 HPs)
             Began as a Formicid Fighter on Sept 20, 2023.
             Slain by a kobold
             ... wielding a +0 whip
              (5 damage)
             ... on level 1 of the Dungeon.
             The game lasted 00:00:51 (260 turns).

Ivernyr the Shield-Bearer (Formicid Fighter)         Turns: 260, Time: 00:00:53

Health: -1/18      AC:  6    Str: 20    XL:     1   Next: 88%
Magic:  1/1        EV:  8    Int:  7    God:
Gold:   69         SH: 11    Dex: 13    Spells: 0/0 levels left

rFire   . . .        a - +0 quarterstaff
rCold   . . .        c - +2 kite shield
rNeg    . . .        b - +0 scale mail
rPois   .            (helmet unavailable)
rElec   .            (no cloak)
rCorr   .            (no gloves)
SInv    +            (no boots)
Will    .....        (no amulet) Stlth
                     (no ring)
HPRegen 0.23/turn    (no ring)
MPRegen 0.07/turn

%: no passive effects
@: no status effects
A: permanent stasis, dig shafts and tunnels, antennae 3, four strong arms
a: Dig, Shaft Self


You were on level 1 of the Dungeon.
You visited 1 branch of the dungeon, and saw 1 of its levels.

You collected 69 gold pieces.

Inventory:

Hand Weapons
 a - a +0 quarterstaff (weapon)
Armour
 b - a +0 scale mail (worn)
 c - a +2 kite shield (worn)
Scrolls
 e - a scroll of immolation {unknown}
 g - a scroll of blinking {unknown}
Potions
 d - a potion of might
 f - a potion of lignification {unknown}


   Skills:
 + Level 3.3 Fighting
 * Level 2.2 Staves
 + Level 3.3 Armour
 + Level 4.1 Shields


You couldn't memorise any spells.
You didn't know any spells.
Your spell library was empty.

Dungeon Overview and Level Annotations

Branches:
Dungeon (1/15)

Altars:

Annotations:
D:1 2 transporters


Innate Abilities, Weirdness & Mutations

You cannot be hasted, slowed, berserked, paralysed or teleported.
You can dig through walls and to a lower floor.
You have a pair of large antennae on your head. (SInv)
Your four strong arms can wield two-handed weapons with a shield.


Message History

Okay, then.
You start putting on your armour.
You continue putting on your +2 kite shield. x4
You finish putting on your +2 kite shield.
Found a whip.
You sense a monster nearby.
A hobgoblin comes into view.
The hobgoblin shouts!
A hobgoblin is nearby!
You block the hobgoblin's attack.
You barely miss the hobgoblin. You block the hobgoblin's attack. x2
You sock the hobgoblin!
You kill the hobgoblin!
You see here a hobgoblin corpse.
g - a scroll labelled XOARUTEPIUPN You sense a monster nearby.
You sense a monster nearby.
You now have 69 gold pieces (gained 14).
A kobold and an endoplasm come into view.
The kobold shouts!
The endoplasm quivers.
There are monsters nearby!
There are monsters nearby!
You barely miss the endoplasm. The endoplasm hits you.
You hit the endoplasm.
The endoplasm is severely wounded.
The endoplasm freezes you.
You are frozen.
The kobold closely misses you. You block the kobold's attack.
You block the endoplasm's attack.
You hit the endoplasm but do no damage.
The endoplasm is severely wounded.
The endoplasm freezes you.
You are frozen.
The kobold hits you with a +0 whip.
You hit the endoplasm.
The endoplasm is almost dead.
The endoplasm freezes you.
You are frozen.
* * * LOW HITPOINT WARNING * * *
The kobold hits you with a +0 whip.
You die...

#...≈≈≈.##..#
##########.#.....###.#
#.#........#..#.## #.# #
#.#.###########.####.#.#
#..................#.#.#
#.#.###########.##.#....
#.#.###.........##.#.#.#
#.#.#...........##.#.#.#
#.#.#.#@######.###...#.#
#.#.#..JK......# ###.#.#
#.#.#..#.###########.#.#
#.#.#.. .. ...........
##.#.##. ... .######.#.#
#....##. .... #....
######## ..... ###.#
...... .... #.##.#


You could see an endoplasm and a kobold.

Vanquished Creatures
  A goblin (D:1)
  2 hobgoblins (D:1)
  A ball python (D:1)
  A bat (D:1)
5 creatures vanquished.

Notes
Turn   | Place    | Note
-------+----------+-------------------------------------------
     0 | D:1      | Ivernyr the Formicid Fighter began the quest for the Orb.
     0 | D:1      | Reached XP level 1. HP: 18/18 MP: 1/1
   260 | D:1      | Slain by a kobold

Illustrated notes

Levels and vault maps discovered:
D:1:      spicycebolla_arrival_transporter_tutorial, layout_basic,
          corexii_item_surrounded_by_moat

Action                     || total
---------------------------++-------
  Melee: Quarterstaff      ||    10
 Armour: Scale mail        ||     2
  Dodge: Dodged            ||     5
  Block: Kite shield       ||     5
